AoeStats
← [GDL] Maldito Pantoja

Hill Fort

505069461Analyzed
4v4 RM · 25d ago on Sep 7, 2026· 50m 2s· 8 players
Game mode
Random Map
Map size
Large (8 player)
Population
200
Speed
Normal
Resources
Standard
Victory
Conquest
Starting age
Dark Age
Ending age
Imperial Age
RankedLock teamsTeams togetherTeam positionsShared explorationLock speedFull tech treeHidden civsTurbo modeCheats
Victory
Defeat
🇺🇸 Cumans · United States
1359
+15
🇲🇽 Huns · Mexico
1337
+16
🇮🇳 Tatars · India
1314
+17
🇺🇸 Britons · United States
1311
+17
🇸🇪 Burgundians · Sweden
1367
-19
🇸🇪 Italians · Sweden
1362
-17
🇸🇪 Magyars · Sweden
1334
-16
🇸🇪 Persians · Sweden
1266
-13
whitewidow52
7:05 Loom
9:03 Feudal Age
10:07 Double-Bit Axe
10:50 Horse Collar
16:55 Wheelbarrow
22:12 Castle Age
21:04 Scale Barding Armor
20:53 Gold Mining
21:48 Forging
23:05 Bloodlines
24:08 Chain Barding Armor
24:29 Iron Casting
41:26 Imperial Age
38:41 Capped Ram
42:17 Bow Saw
41:43 Siege Ram
42:31 Elite Steppe Lancer
44:59 Plate Barding Armor
45:34 Blast Furnace
mikeymazko
11:12 Feudal Age
10:41 Loom
15:55 Castle Age
13:59 Horse Collar
15:12 Double-Bit Axe
15:52 Loom
16:46 Wheelbarrow
16:59 Bow Saw
19:15 Heavy Plow
19:25 Town Watch
24:55 Hand Cart
24:51 Fletching
28:39 Gold Mining
28:41 Stone Mining
32:00 Imperial Age
29:30 Bodkin Arrow
29:58 Ballistics
29:21 Treadmill Crane
30:01 Ballistics
30:01 Padded Archer Armor
29:26 Pikeman
30:07 Squires
31:22 Leather Archer Armor
31:08 Scale Mail Armor
31:18 Forging
32:12 Gold Shaft Mining
32:44 Yeomen
33:24 Conscription
32:36 Elite Longbowman
33:25 Bracer
34:27 Chemistry
33:38 Siege Engineers
34:21 Conscription
34:39 Ring Archer Armor
34:14 Squires
33:59 Gambesons
34:00 Arson
34:49 Caravan
36:04 Two-Man Saw
35:53 Halberdier
36:54 Chain Mail Armor
37:16 Iron Casting
38:32 Plate Mail Armor
39:04 Blast Furnace
46:30 Warwolf
48:25 Coinage
48:08 Guilds
49:08 Masonry
48:56 Murder Holes
49:40 Hoardings
RamdevOnSteroids
11:48 Feudal Age
15:29 Castle Age
13:25 Double-Bit Axe
13:26 Horse Collar
16:29 Heavy Plow
19:44 Loom
22:50 Wheelbarrow
24:42 Stone Mining
25:20 Gold Mining
27:36 Hand Cart
28:00 Scale Barding Armor
29:06 Gold Shaft Mining
29:10 Town Watch
29:58 Forging
31:00 Chain Barding Armor
34:04 Imperial Age
32:03 Bloodlines
31:54 Husbandry
32:20 Husbandry
32:56 Iron Casting
33:12 Silk Armor
34:16 Town Patrol
34:25 Elite Steppe Lancer
35:48 Plate Barding Armor
35:30 Heavy Camel Rider
36:44 Conscription
38:26 Blast Furnace
39:27 Padded Archer Armor
39:18 Fletching
40:31 Guilds
41:43 Chemistry
41:01 Leather Archer Armor
40:42 Bodkin Arrow
41:40 Ballistics
41:31 Masonry
41:39 Fortified Wall
43:18 Bracer
44:06 Caravan
45:09 Light Cavalry
46:56 Elite Skirmisher
48:18 Ring Archer Armor
48:17 Hussar
[GDL] Maldito Pantoja
10:49 Feudal Age
12:20 Loom
15:30 Castle Age
14:22 Horse Collar
14:39 Gold Mining
19:34 Wheelbarrow
24:30 Double-Bit Axe
25:21 Gold Shaft Mining
24:49 Heavy Plow
27:18 Bow Saw
27:01 Stone Mining
32:08 Imperial Age
30:13 Forging
30:23 Bloodlines
30:13 Husbandry
30:42 Scale Barding Armor
31:34 Iron Casting
31:03 Marauders
32:30 Chain Barding Armor
33:10 Hand Cart
32:41 Town Watch
33:24 Conscription
35:26 Town Patrol
37:35 Blast Furnace
37:15 Plate Barding Armor
36:32 Fletching
37:27 Padded Archer Armor
39:39 Bodkin Arrow
39:59 Leather Archer Armor
40:33 Thumb Ring
40:53 Parthian Tactics
41:18 Heavy Cavalry Archer
42:25 Ballistics
43:06 Chemistry
42:07 Bracer
44:18 Two-Man Saw
45:05 Masonry
46:43 Caravan
Yaou
7:13 Loom
9:11 Feudal Age
10:06 Double-Bit Axe
13:28 Horse Collar
21:02 Castle Age
19:07 Gold Mining
20:32 Bloodlines
22:03 Bow Saw
26:32 Wheelbarrow
27:11 Heavy Plow
28:15 Husbandry
28:25 Fletching
28:36 Padded Archer Armor
29:40 Bodkin Arrow
30:06 Ballistics
29:53 Thumb Ring
34:28 Imperial Age
33:58 Caravan
34:21 Stone Mining
34:35 Heavy Cavalry Archer
35:19 Bracer
36:49 Leather Archer Armor
37:19 Parthian Tactics
37:34 Conscription
36:54 Light Cavalry
42:04 Recurve Bow
46:37 Scale Barding Armor
Iggyo
8:01 Loom
10:45 Feudal Age
11:15 Double-Bit Axe
12:17 Horse Collar
17:30 Fishing Lines
20:16 Gold Mining
20:20 Stone Mining
22:40 Castle Age
21:00 Fletching
21:11 Padded Archer Armor
24:34 Bodkin Arrow
24:54 Leather Archer Armor
24:52 Bow Saw
24:48 Heavy Plow
25:43 Stone Shaft Mining
25:40 Thumb Ring
26:04 Gillnets
27:14 Pikeman
28:49 Wheelbarrow
31:12 Ballistics
33:14 Hand Cart
37:41 Imperial Age
36:25 Scale Mail Armor
38:04 Forging
39:36 Bracer
39:19 Elite Skirmisher
41:45 Chemistry
41:17 Ring Archer Armor
41:55 Two-Man Saw
42:23 Elite Genoese Crossbowman
43:24 Conscription
48:30 Chain Mail Armor
48:51 Iron Casting
lundh' ♛
7:02 Double-Bit Axe
8:24 Loom
11:17 Feudal Age
9:48 Horse Collar
12:08 Bow Saw
13:26 Heavy Plow
19:19 Castle Age
20:52 Scale Barding Armor
20:58 Forging
23:11 Chain Barding Armor
23:20 Fishing Lines
25:38 Two-Man Saw
24:39 Cavalier
25:21 Husbandry
26:08 Wheelbarrow
25:50 Gold Mining
25:54 Stone Mining
37:04 Imperial Age
35:35 Hand Cart
36:01 Gold Shaft Mining
37:22 Paladin
40:58 Plate Barding Armor
40:59 Iron Casting
42:20 Light Cavalry
46:11 Blast Furnace
46:22 Conscription
Schlime
4:58 Loom
9:41 Feudal Age
10:04 Double-Bit Axe
10:01 Horse Collar
18:51 Castle Age
19:35 Bow Saw
19:27 Heavy Plow
19:21 Gold Mining
21:50 Gold Shaft Mining
25:49 Wheelbarrow
25:03 Town Watch
26:48 Fervor
26:42 Stone Mining
29:42 Imperial Age
28:29 Scale Barding Armor
28:26 Husbandry
28:37 Bloodlines
28:54 Forging
29:45 Chain Barding Armor
29:50 Ballistics
31:15 Iron Casting
30:03 Heavy Camel Rider
33:09 Plate Barding Armor
33:08 Crop Rotation
33:40 Two-Man Saw
34:00 Chemistry
34:19 Hand Cart
33:31 Cavalier
35:58 Blast Furnace
38:32 Fletching
38:07 Light Cavalry
40:14 Town Patrol
40:38 Conscription
40:54 Masonry
40:32 Hussar
41:16 Bodkin Arrow
41:22 Padded Archer Armor
41:20 Elite Skirmisher
43:54 Leather Archer Armor
49:01 Ring Archer Armor
50:31 Citadels
Connection lost

Rejoining the realm…

Still unreachable

The connection could not be restored.

Session expired

The server has moved on; the page needs a fresh start.